 Dungeon Crawl Stone Soup version 0.21.1-1-g345015f (webtiles) character file.

57 inc the Chopper (level 4, 35/35 HPs)
             Began as a Formicid Fighter on June 19, 2018.
             Quit the game on level 2 of the Dungeon.
             The game lasted 00:01:59 (1186 turns).

inc the Chopper (Formicid Fighter)                  Turns: 1186, Time: 00:02:00

Health: 35/35      AC: 11    Str: 21    XL:     4   Next: 18%
Magic:  4/4        EV:  5    Int:  7    God:
Gold:   64         SH:  9    Dex: 11    Spells: 3/3 levels left

rFire    . . .     SeeInvis +   a - +0 war axe
rCold    . . .     Gourm    .   c - +0 shield
rNeg     . . .     Faith    .   i - +0 chain mail
rPois    .         Spirit   .   (helmet unavailable)
rElec    .         Reflect  .   (no cloak)
rCorr    .         Harm     .   l - +1 pair of gloves
MR       .....                  (no boots)
Stlth    ..........             (no amulet)
HPRegen  0.11/turn              (no ring)
MPRegen  0.09/turn              (no ring)

@: no status effects
A: permanent stasis, dig shafts and tunnels, four strong arms, antennae 3
a: Dig, Shaft Self


You were on level 2 of the Dungeon.
You were not hungry.

You visited 1 branch of the dungeon, and saw 2 of its levels.

You collected 64 gold pieces.

Inventory:

Hand Weapons
 a - a +0 war axe (weapon)
Armour
 b - a +0 scale mail
 c - a +0 shield (worn)
 i - a +0 chain mail (worn)
 l - a +1 pair of gloves (worn)
Jewellery
 s - a cursed -2 ring of evasion {unknown}
Wands
 v - a wand of flame (22)
Scrolls
 e - a scroll of immolation {unknown}
 g - 2 scrolls of blinking {unknown}
 h - 2 scrolls of identify {unknown}
 n - a scroll of magic mapping {unknown}
 o - a scroll of enchant armour {unknown}
 p - a scroll of amnesia {unknown}
Potions
 d - 2 potions of might
 j - a potion of invisibility {unknown}
 k - a potion of curing {unknown}
 m - a potion of flight {unknown}
 q - a potion of lignification {unknown}
 r - a potion of ambrosia {unknown}
 t - a potion of haste {unknown}
Comestibles
 f - 5 rations
 u - a chunk of flesh


   Skills:
 - Level 3.2 Fighting
 + Level 4.1 Axes
 - Level 3.2 Armour
 - Level 3.6 Shields


You had 3 spell levels left.
You didn't know any spells.

Dungeon Overview and Level Annotations

Branches:
Dungeon (2/15)

Altars:


Innate Abilities, Weirdness & Mutations

You cannot be hasted, slowed, berserked, paralysed or teleported.
You can dig through walls and to a lower floor.
Your four strong arms can wield two-handed weapons with a shield.
You have a pair of large antennae on your head. (SInv)


Message History

No target in view!
No target in view!
No target in view!
No target in view!
No target in view!
No target in view!
No target in view!
Found 12 bolts.
f - 5 rations (gained 1)
You open the door.
A ball python and a hobgoblin come into view.
The hobgoblin shouts!
The ball python hisses angrily.
Found an orange potion.
There are monsters nearby!
A goblin comes into view. It is wielding a dagger.
The goblin shouts!
Found 12 gold pieces and a scroll labeled CUTHRO MOCSO.
There is an open door here.
You block the ball python's attack. x2
Are you sure you want to abandon this character and quit the game? (Confirm with "yes".)

.≈≈≈≈≈≈#.........#.......
...≈≈≈≈#.................
....≈≈≈#.........).......
.....≈≈##................
♣...≈ #...#####........
$.♣...≈##.......#........
..g{.{!'........#........
$.♣...≈#S###....#........
♣.?.≈#@# #....#........
.....≈≈#.# #....#........
....≈≈≈#.###....#.(......
...≈≈≈≈#.##..............
.≈≈≈≈≈≈#.##...#..........
+#######..#...#..........
...#...#..........
...#...#.......... #..
#..........


You could see a ball python.

Vanquished Creatures
  An ooze (D:2)
  2 dart slugs (D:2)
  3 leopard geckos
  2 ball pythons
  2 giant cockroaches
  6 hobgoblins
  4 jackals (D:1)
  6 kobolds
  A quokka (D:2)
  6 bats
  5 goblins
  4 rats
42 creatures vanquished.

Notes
Turn   | Place    | Note
-------+----------+-------------------------------------------
     0 | D:1      | inc the Formicid Fighter began the quest for the Orb.
     0 | D:1      | Reached XP level 1. HP: 18/18 MP: 1/1
   207 | D:1      | Reached XP level 2. HP: 24/24 MP: 2/2
   399 | D:1      | Reached skill level 3 in Axes
   418 | D:1      | Reached XP level 3. HP: 29/29 MP: 3/3
  1133 | D:2      | Reached skill level 4 in Axes
  1133 | D:2      | Reached XP level 4. HP: 33/35 MP: 4/4
  1186 | D:2      | Quit the game

Skill      XL: |  1  2  3 |
---------------+----------+-----
Axes           | 3 4 |  4.1
Fighting       | |  3.2
Armour         | |  3.2
Shields        | |  3.6

Action                   |  1- 3 |  4- 6 || total
-------------------------+-------+-------++-------
Melee: War axe           |    90 |     5 ||    95
  Eat: Chunk             |     1 |       ||     1
Armor: Chain mail        |    56 |     4 ||    60
Dodge: Dodged            |    20 |     1 ||    21
Block: Shield            |    45 |     5 ||    50
